 Seeded DCSS version 0.28-a0-983-g1de4e0787c (webtiles) character file.

Game seed: 12130800008223909736 (custom seed)

1601 croobank the Cleaver (level 8, -1/55 HPs)
             Began as an Octopode Delver on Dec 2, 2021.
             Was a Follower of Vehumet.
             Slain by Maggie (5 damage)
             ... while paralysed by Maggie
             ... on level 7 of the Dungeon.
             The game lasted 00:50:16 (4582 turns).

croobank the Cleaver (Octopode Delver)              Turns: 4582, Time: 00:50:17

Health: -1/55      AC:  4    Str: 11    XL:     8   Next: 94%
Magic:  8/8        EV:  2    Int: 20    God:    Vehumet [*.....]
Gold:   155        SH:  0    Dex: 15    Spells: 6/7 levels left

rFire   + . .      SeeInvis +   a - +8 war axe of Uxzaprie {spect, rPois rN++ Dex-2}
rCold   x . .      Faith    .   H - +2 buckler {AC+3}
rNeg    + + .      Spirit   .   (helmet restricted)
rPois   +          Reflect  .   o - amulet of regeneration
rElec   .          Harm     .   t - ring of fire
rCorr   .          Rampage  .   y - ring of Xom's Full Attention {Fly Str-3 Int+8 Dex+4 SInv}
Will    .....                   (no ring)
Stlth   +++++.....              (no ring)
HPRegen 0.98/turn               (no ring)
MPRegen 0.11/turn               (no ring)
                                (no ring)
                                (no ring)

@: paralysed, flying, mesmerised, studying Axes
A: almost no armour, amphibious, 8 rings, camouflage 1, gelatinous body 1,
(nimble swimmer 1), tentacles
a: Renounce Religion


You were on level 7 of the Dungeon.
You worshipped Vehumet.
Vehumet was aware of your devotion.
You visited 2 branches of the dungeon, and saw 8 of its levels.

You collected 1449 gold pieces.
You spent 1294 gold pieces at shops.

Inventory:

Hand Weapons
 a - the +8 war axe of Uxzaprie (weapon) {spect, rPois rN++ Dex-2}
   (You bought it in a shop on level 6 of the Dungeon)

   When its wielder attacks, the weapon's spirit leaps out and strikes again.
   The spirit shares a part of any damage it takes with its wielder.
   Dex:       It affects your dexterity (-2).
   rPois:     It protects you from poison.
   rN:        It greatly protects you from negative energy.
 b - a +0 vorpal hunting sling
 d - a +1 short sword of speed
 v - a +0 long sword
 A - a +1 vorpal spear
 E - a +1 scythe of protection
 G - a +1 hand axe
 J - a +1 dagger of venom
Missiles
 i - 4 curare-tipped darts
 n - a throwing net
 p - 10 poisoned darts
 q - 124 arrows
 u - 84 stones
 x - 24 sling bullets
 C - 16 bolts
 F - 2 atropa-tipped darts (quivered)
 I - 2 boomerangs
Armour
 H - a +2 buckler of protection (worn)
Magical Staves
 l - a staff of conjuration
 D - a staff of cold
Jewellery
 o - an amulet of regeneration (around mantle)
 t - a ring of fire (left tentacle)
 y - the ring of Xom's Full Attention (right tentacle) {Fly Str-3 Int+8 Dex+4 SInv}
   (You acquired it on level 3 of the Dungeon)

   [ring of see invisible]

   Str:       It affects your strength (-3).
   Int:       It affects your intelligence (+8).
   Dex:       It affects your dexterity (+4).
   SInv:      It lets you see invisible.
   Fly:       It grants you flight.
Wands
 f - a wand of digging (3)
 g - a wand of iceblast (4)
Scrolls
 c - a scroll of magic mapping
 h - 2 scrolls of noise {noise, unknown}
 j - a scroll of teleportation {teleportation}
 k - 2 scrolls of immolation {immolation}
 m - 3 scrolls of enchant armour {enchant armor, unknown}
 s - 3 scrolls of identify {identify}
 w - a scroll of acquirement {acquirement}
 B - 3 scrolls of fog
 K - 3 scrolls of holy word
 N - a scroll of silence {silence, unknown}
Potions
 e - a potion of attraction {attraction, unknown}
 r - a potion of flight {flight, unknown}
 z - a potion of degeneration {degeneration, unknown}
 L - a potion of magic {magic, unknown}
 M - a potion of might {might, unknown}
 O - a potion of mutation {mutation, unknown}


   Skills:
 - Level 5.3 Fighting
 + Level 10.3 Axes
 - Level 0.7 Throwing
 - Level 2.5 Dodging
 - Level 8.3 Stealth
 * Level 2.2 Shields


You had 6 spell levels left.
You knew the following spells:

 Your Spells              Type           Power      Damage    Failure   Level
a - Freeze                Ice            0%         1d3       24%         1

Your spell library contained the following spells:

 Spells                   Type           Power      Damage    Failure   Level
 Animate Skeleton         Necr           0%         N/A       24%         1
 Apportation              Tloc           0%         N/A       24%         1
 Summon Small Mammal      Summ           0%         N/A       24%         1
 Corpse Rot               Necr/Air       0%         N/A       34%         2
 Poisonous Vapours        Pois/Air       0%         N/A       34%         2
 Alistair's Intoxication  Tmut/Pois      0%         N/A       100%        5


Dungeon Overview and Level Annotations

Branches:
Dungeon (7/15)             Temple (1/1) D:4

Altars:
Dithmenos
Elyvilon
Fedhas
Kikubaaqudgha
Okawaru
Trog
Vehumet
Wu Jian
Xom
Zin

Shops:
D:6 =*[(

Annotations:
D:7 Maggie


Innate Abilities, Weirdness & Mutations

You cannot wear most types of armour.
You are amphibious.
You can wear up to eight rings at the same time.
Your skin changes colour to match your surroundings (Stealth+).
Your rubbery body absorbs attacks. (AC +1, EV +1)
((You are camouflaged near water. (Stealth+)))
You have tentacles for arms and can constrict up to eight enemies at once.


Message History

N - a scroll labelled HUD MEAPUILL Unknown command.
You see here a +0 long sword.
O - a green potion You see here a +0 whip.
There is an open gate here.
Things that are here:
a +0 spear; a gnoll corpse
There is a stone staircase leading up here.
Maggie the Vainglorious comes into view.
She is wielding a +2 long sword of flaming and carrying a wand of paralysis (4).
Press: ? - help, v - describe, . - travel
Here: Maggie, wielding a +2 long sword of flaming, wearing +0 acid dragon scales and carrying a wand of paralysis (4) (asleep)
The floor.
Okay, then.
Okay, then.
A howler monkey skeleton comes into view.
Found a stone staircase leading up.
Maggie shouts!
Maggie casts a spell.
Maggie attempts to bespell you!
You are mesmerised by Maggie!
You barely miss Maggie. You grab Maggie.
Your +8 war axe of Uxzaprie {spect, rPois rN++ Dex-2} hits Maggie.
You constrict Maggie, but do no damage.
Maggie zaps a wand.
You suddenly lose the ability to move!
You lose your grip on Maggie.
Maggie hits you with a +2 long sword of flaming.
Maggie mumbles the words to a spell, but in the wrong order.
Maggie hits you with a +2 long sword of flaming!
Maggie burns you.
Maggie hits you with a +2 long sword of flaming! x2
* * * LOW HITPOINT WARNING * * *
Maggie burns you.
* * * LOW HITPOINT WARNING * * *
Maggie says, "Have you seen any dragons?"
Maggie hits you with a +2 long sword of flaming.
You die...

#..####.##.###..
##...#.#.##... .. ##
#........##... ..
##.##............##..
#...#.........#..#
#.............#.##
#.............#
#............##
#...##@##......# #
#@...........
.............
............Z..
.##............. <#
#............ ..
...##....#.. .. ..##
....


You could see Maggie (mesmerising).

Vanquished Creatures
  Sigmund (D:5)
  Eustachio (D:6)
  Pargi (D:3)
  3 sky beasts (D:5)
  A black bear (D:4)
  A necrophage (D:6)
  A centaur (D:6)
  A bullfrog (D:7)
  4 hounds
  2 jellies (D:6)
  A bullfrog skeleton (D:6)
  A gnoll shaman (D:5)
  An orc priest (D:6)
  Jessica (D:3)
  An iguana (D:6)
  2 orc wizards (D:6)
  A hound zombie (D:5)
  10 gnolls
  4 adders
  A shadow imp (D:5)
  A white imp (D:6)
  An ufetubus (D:5)
  An adder zombie (D:5)
  2 worms
  4 dart slugs
  7 orcs
  3 endoplasms (D:1)
  2 giant cockroaches
  4 goblins
  5 hobgoblins
  3 quokkas
  2 ball pythons (D:2)
  3 bats
  2 frilled lizards
  4 kobolds
  3 rats
86 creatures vanquished.

Vanquished Creatures (collateral kills)
  An orc (D:3)
1 creature vanquished.

Vanquished Creatures (others)
  8 plants (D:3)
8 creatures vanquished.

Grand Total: 95 creatures vanquished

Notes
Turn   | Place    | Note
-------+----------+-------------------------------------------
     0 | D:5      | croobank the Octopode Delver began the quest for the Orb.
     0 | D:5      | Reached XP level 1. HP: 16/16 MP: 1/1
   164 | D:3      | Noticed Jessica
   168 | D:3      | Killed Jessica
   169 | D:3      | Reached XP level 2. HP: 17/21 MP: 2/2
   169 | D:3      | Reached XP level 3. HP: 21/26 MP: 3/3
   959 | D:1      | Reached XP level 4. HP: 31/31 MP: 4/4
  1761 | D:3      | Noticed Pargi
  1802 | D:3      | Killed Pargi
  1803 | D:3      | Reached skill level 3 in Axes
  1803 | D:3      | Reached XP level 5. HP: 14/36 MP: 5/5
  2054 | D:3      | Identified 3 scrolls of acquirement {acquirement}
  2054 | D:3      | Acquired the ring of Xom's Full Attention {Fly Str-3 Int+8
                  | Dex+4 SInv}
  2758 | D:4      | Noticed a black bear
  2769 | D:4      | Killed a black bear
  2770 | D:4      | Reached skill level 4 in Axes
  2770 | D:4      | Reached XP level 6. HP: 28/43 MP: 6/6
  2826 | D:4      | Found a staircase to the Ecumenical Temple.
  2834 | Temple   | Entered the Ecumenical Temple
  2848 | Temple   | Became a worshipper of Vehumet
  2902 | D:4      | Acquired 1064 gold pieces
  3058 | D:4      | Found a white marble altar of Elyvilon.
  3447 | D:5      | Noticed a sky beast
  3475 | D:5      | Killed a sky beast
  3476 | D:5      | Reached skill level 5 in Axes
  3476 | D:5      | Reached XP level 7. HP: 6/49 MP: 7/7
  3617 | D:5      | Noticed Sigmund
  3719 | D:5      | Killed Sigmund
  3720 | D:5      | Reached skill level 6 in Axes
  3828 | D:6      | Found Wetiomp's General Store.
  3830 | D:6      | Noticed Eustachio
  3839 | D:5      | Reached skill level 5 in Fighting
  3874 | D:5      | Reached XP level 8. HP: 44/55 MP: 8/8
  3921 | D:6      | Found Ygyota's Weapon Shop.
  3929 | D:6      | Bought the +8 war axe of Uxzaprie {spect, rPois rN++ Dex-2}
                  | for 993 gold pieces
  4022 | D:6      | Killed Eustachio
  4023 | D:6      | Reached skill level 7 in Axes
  4035 | D:6      | Bought a +2 buckler of protection for 301 gold pieces
  4035 | D:6      | Acquired a manual of Axes
  4092 | D:6      | Reached * piety under Vehumet
  4092 | D:6      | Offered knowledge of Freeze by Vehumet.
  4096 | D:6      | Learned a level 1 spell: Freeze
  4129 | D:6      | Reached skill level 8 in Axes
  4161 | D:6      | Found Leclugu's Jewellery Shop.
  4194 | D:6      | Found Hicsephi's Antique Armour Boutique.
  4287 | D:6      | Reached skill level 9 in Axes
  4287 | D:6      | Reached skill level 1 in Shields
  4500 | D:7      | Reached skill level 10 in Axes
  4568 | D:7      | Noticed Maggie
  4577 | D:7      | Paralysed by Maggie for 6 turns
  4582 | D:7      | Slain by Maggie

Illustrated notes

Levels and vault maps discovered:
D:1:      minmay_arrival_checkered_box, layout_basic, minmay_pentomino_q2
D:2:      layout_loops_cross
D:3:      layout_loops_corners, serial_bayou, serial_bayou_pond_c,
          serial_bayou_lagoon_b, serial_bayou_pond_c, serial_bayou_pond_e,
          uniq_pargi, uniq_jessica
D:4:      layout_basic, marbit_many_paths, minmay_temple_entry_enclosed_plants,
          hex_intersection
D:5:      layout_rooms, uniq_sigmund
D:6:      layout_rooms, serial_shops, shop, nicolae_diamond_shop,
          nicolae_shop_advertising_works [nicolae_subvault_shop_adworks], shop,
          chequers_serial_rivers_micro_a, uniq_eustachio
D:7:      layout_cave_pools, serial_gnoll_camp, gnoll_camp_mini_shop,
          gnoll_camp_mini_loothouse, gnoll_camp_mini_sergeant,
          gnoll_camp_mini_shop, serial_shops, kennysheep_little_box, uniq_maggie
Temple:   mainiacjoe_temple_coin_purse

Skill      XL: |  1  2  3  4  5  6  7  8 |
---------------+-------------------------+-----
Stealth        | 7 8 |  8.3
Axes           | 3 4 5 6 10 | 10.3
Fighting       | 4 5 |  5.3
Shields        | 2 |  2.2
Throwing       | |  0.7
Dodging        | |  2.5

Action                   |  1- 3 |  4- 6 |  7- 9 || total
-------------------------+-------+-------+-------++-------
Melee: Hand axe          |    35 |    84 |    34 ||   153
       Constrict         |     8 |    14 |    19 ||    41
       Tentacles         |     4 |    20 |    17 ||    41
       War axe           |       |       |    27 ||    27
 Fire: Hunting sling     |       |     1 |    12 ||    13
Throw: Dart              |     4 |     9 |    13 ||    26
Evoke: Wand              |       |     3 |       ||     3
  Use: Potion            |       |     3 |       ||     3
       Scroll            |       |     6 |     5 ||    11
 Stab: Sleeping          |    11 |    11 |     4 ||    26
       Invisible         |       |       |     1 ||     1
Armor: Skin              |       |    11 |     3 ||    14
Dodge: Dodged            |    13 |    70 |    33 ||   116
Block: Buckler           |       |       |     7 ||     7

Table legend: (Time is in decaauts)
 A = Elapsed time spent in this place.
 B = Non-inter-level travel time spent in this place.
 C = Inter-level travel time spent in this place.
 D = Time resting spent in this place.
 E = Time spent auto-exploring this place.
 F = Levels seen in this place.
 G = Mean time per level.
                   A        B        C        D        E       F      G
               +--------+--------+--------+--------+--------+-----+--------+
         Total |   4595 |   4495 |    100 |     96 |   2857 |   8 |  574.4 |
       Dungeon |   4566 |   4476 |     90 |     96 |   2852 |   7 |  652.3 |
        Temple |     29 |     19 |     10 |      0 |      5 |   1 |   29.0 |
               +--------+--------+--------+--------+--------+-----+--------+

Top non-repeatable levels by time:
     D:3: 1034 daAuts
     D:1: 756 daAuts
     D:4: 726 daAuts
     D:2: 690 daAuts
     D:5: 686 daAuts
     D:6: 579 daAuts
     D:7: 92 daAuts
  Temple: 29 daAuts
